 Dungeon Crawl Stone Soup version 0.28-a0-861-ge64d6db94f (webtiles) character file.

Game seed: 6822557961246014825

491 bande the Covered (level 7, -3/44 HPs)
             Began as a Gargoyle Fighter on Nov 15, 2021.
             Slain by a gnoll sergeant (6 damage)
             ... on level 5 of the Dungeon.
             The game lasted 00:06:08 (5093 turns).

bande the Covered (Gargoyle Fighter)                Turns: 5093, Time: 00:06:08

Health: -3/44      AC: 19    Str: 20    XL:     7   Next: 14%
Magic:  7/7        EV:  7    Int:  9    God:
Gold:   182        SH:  4    Dex: 10    Spells: 6/6 levels left

rFire   . . .      SeeInvis .   a - +1 war axe
rCold   . . .      Faith    +   c - +0 buckler
rNeg    + . .      Spirit   .   l - +0 chain mail
rPois   ∞          Reflect  .   h - +0 helmet
rElec   +          Harm     .   f - +2 cloak {Stlth+}
rCorr   .          Rampage  .   (no gloves)
Will    .....                   (no boots)
Stlth   ..........              q - amulet of faith
HPRegen 0.14/turn               (no ring)
MPRegen 0.10/turn               (no ring)

@: no status effects
A: sickness immunity, AC +4, negative energy resistance 1, electricity
resistance, torment resistance 1, petrification resistance
a: no special abilities


You were on level 5 of the Dungeon.
You visited 1 branch of the dungeon, and saw 5 of its levels.

You collected 182 gold pieces.

Inventory:

Hand Weapons
 a - a +1 war axe (weapon)
Armour
 c - a +0 buckler (worn)
 f - a +2 cloak of stealth (worn)
 h - a +0 helmet (worn)
 l - a +0 chain mail (worn)
Jewellery
 q - an amulet of faith (around neck)
 r - a ring of resist corrosion
Wands
 p - a wand of charming (3)
Scrolls
 b - 2 scrolls of fear
 g - 3 scrolls of enchant weapon
 i - a scroll of teleportation
 m - a scroll of identify
Potions
 d - 2 potions of might
 e - a potion of degeneration {unknown}
 j - a potion of magic
 k - a potion of haste {unknown}
 n - a potion of cancellation {unknown}
 o - 2 potions of mutation {unknown}
 s - a potion of curing {unknown}
 t - 2 potions of heal wounds {unknown}


   Skills:
 + Level 4.5 Fighting
 + Level 4.9 Axes
 + Level 4.9 Armour
 + Level 4.3 Shields
 * Level 0.1 Evocations


You had 6 spell levels left.
You didn't know any spells.
Your spell library contained the following spells:

 Spells                   Type           Power      Damage    Failure   Level
 Freeze                   Ice            0%         1d3       98%         1
 Slow                     Hex            0%         N/A       98%         1
 Wereblood                Tmut           0%         N/A       99%         2
 Confusing Touch          Hex            0%         N/A       100%        3
 Frozen Ramparts          Ice            0%         1d2       100%        3
 Vampiric Draining        Necr           0%         2d6       100%        3
 Hailstorm                Conj/Ice       0%         3d3       100%        4
 Summon Hydra             Summ           0%         N/A       100%        7
 Sublimation of Blood     Necr           Unusable   N/A       N/A         2

Dungeon Overview and Level Annotations

Branches:
Dungeon (5/15)
 Temple: D:4-7

Altars:
Trog

Shops:
D:4 :   D:5 [


Innate Abilities, Weirdness & Mutations

You are immune to sickness and miasma.
Your stone body is resilient. (AC +4)
You are immune to poison.
You resist negative energy. (rN+)
You are resistant to electric shocks. (rElec)
You are resistant to unholy torment.
You are immune to petrification.


Message History

The gnoll sergeant hits you with a +0 trident.
You hit the gnoll sergeant.
The gnoll sergeant is heavily wounded.
You slash the water moccasin skeleton!
Your chain mail prevents you from hitting the gnoll.
You slash the gnoll!
You kill the gnoll!
You barely miss the gnoll.
The water moccasin skeleton bites you but does no damage.
The gnoll hits you with a +0 whip.
The gnoll hits you but does no damage. x2
The gnoll sergeant hits you but does no damage.
The water moccasin skeleton bites you but does no damage.
You hit the gnoll sergeant but do no damage.
The gnoll sergeant is heavily wounded.
You hit the gnoll. You barely miss the gnoll.
You slash the water moccasin skeleton! The gnoll closely misses you.
The gnoll hits you from afar with a +0 spear.
* * * LOW HITPOINT WARNING * * *
You block the gnoll's attack.
The gnoll sergeant hits you but does no damage.
The water moccasin skeleton barely misses you.
You completely miss the gnoll sergeant.
The gnoll sergeant is heavily wounded.
You hit the water moccasin skeleton. You hit the gnoll.
You kill the gnoll!
You barely miss the gnoll.
You block the water moccasin skeleton's attack.
The gnoll hits you with a +0 whip.
* * * LOW HITPOINT WARNING * * *
The gnoll barely misses you.
The gnoll sergeant hits you with a +0 trident!
* * * LOW HITPOINT WARNING * * *
The water moccasin skeleton bites you but does no damage.
The gnoll hits you but does no damage. x2
You block the gnoll sergeant's attack.
It was a potion of magic.
Magic courses through your body.
The water moccasin skeleton barely misses you.
The gnoll hits you but does no damage. x2
The gnoll sergeant hits you with a +0 trident.
You die...

####....................
#.......##############
#.......# ######### #
#.......###.......####
.###..........#####...##
∩........###### ###.##
.......g..# ######...
......).).## #...###..
/......@...# #.8.# #..
......ggZ#.#####...###.⌠
....(...##..#....(......
.....###. ..#.>........#
.)... . #.#..........#
..?< .. .####.......#
###. .. #........ #..
###........ #..........


You could see a gnoll sergeant, 2 gnolls and a water moccasin skeleton.

Vanquished Creatures
  2 ogres
  A gnoll sergeant (D:3)
  A bullfrog zombie (D:4)
  A centaur skeleton (D:5)
  Jessica (D:3)
  Ijyb (D:4)
  An iguana (D:4)
  A hound zombie (D:5)
  2 gnolls (D:5)
  2 adders (D:2)
  An ufetubus (D:5)
  An adder skeleton (D:4)
  5 dart slugs
  An orc (D:4)
  6 endoplasms
  2 giant cockroaches
  5 goblins
  5 hobgoblins
  3 jackals (D:4)
  8 kobolds
  2 quokkas
  4 ball pythons
  7 bats
  4 frilled lizards
  6 rats
73 creatures vanquished.

Notes
Turn   | Place    | Note
-------+----------+-------------------------------------------
     0 | D:1      | bande the Gargoyle Fighter began the quest for the Orb.
     0 | D:1      | Reached XP level 1. HP: 14/14 MP: 1/1
   327 | D:1      | Reached XP level 2. HP: 12/19 MP: 2/2
   954 | D:1      | Identified a scroll of acquirement
   954 | D:1      | Acquired a +2 cloak of stealth
  1169 | D:1      | Reached XP level 3. HP: 23/23 MP: 3/3
  1928 | D:2      | Reached XP level 4. HP: 28/29 MP: 4/4
  2085 | D:3      | Noticed Jessica
  2094 | D:3      | Killed Jessica
  2741 | D:3      | Noticed a gnoll sergeant
  2754 | D:3      | Killed a gnoll sergeant
  2755 | D:3      | Reached XP level 5. HP: 22/33 MP: 5/5
  3673 | D:4      | Reached XP level 6. HP: 38/38 MP: 6/6
  3717 | D:4      | Noticed Ijyb
  3738 | D:4      | Killed Ijyb
  3900 | D:4      | Found Wowkiumo's Book Boutique.
  4572 | D:5      | Entered Level 5 of the Dungeon
  4652 | D:5      | Found a bloodstained altar of Trog.
  4674 | D:5      | Reached XP level 7. HP: 24/44 MP: 7/7
  5084 | D:5      | Found Ganauk's Armour Emporium.
  5093 | D:5      | Slain by a gnoll sergeant

Illustrated notes

Levels and vault maps discovered:
D:1:      dpeg_arrival_snail, layout_rooms, dk_noncrumbling_2
D:2:      layout_basic, minmay_misc_feat_nine_boxes
D:3:      minmay_evil_eye, layout_basic, serial_rivers,
          chequers_serial_rivers_marsh, chequers_serial_rivers_micro_c,
          chequers_serial_rivers_micro_c, chequers_serial_rivers_large_b,
          chequers_serial_rivers_marsh, chequers_serial_rivers_large_a,
          grunt_ministairs_2, uniq_jessica
D:4:      layout_loops_corners, serial_shops, nicolae_diamond_shop, uniq_ijyb
D:5:      layout_rooms, mainiacjoe_overflow_catch_the_wave, serial_shops, shop,
          nicolae_elevator_lobby_asterisk

Skill      XL: |  1  2  3  4  5  6 |
---------------+-------------------+-----
Axes           | 2 3 4 |  4.9
Fighting       | 4 |  4.5
Armour         | 4 |  4.9
Shields        | 4 |  4.3
Evocations     | |  0.1

Action                   |  1- 3 |  4- 6 |  7- 9 || total
-------------------------+-------+-------+-------++-------
Melee: War axe           |   139 |   127 |    14 ||   280
  Use: Scroll            |     5 |     4 |       ||     9
       Potion            |       |       |     1 ||     1
Armor: Scale mail        |    93 |     6 |       ||    99
       Chain mail        |       |    85 |    34 ||   119
Dodge: Dodged            |    73 |    47 |    17 ||   137
Block: Buckler           |    39 |    33 |    10 ||    82

Table legend: (Time is in decaauts)
 A = Elapsed time spent in this place.
 B = Non-inter-level travel time spent in this place.
 C = Inter-level travel time spent in this place.
 D = Time resting spent in this place.
 E = Time spent auto-exploring this place.
 F = Levels seen in this place.
 G = Mean time per level.
                   A        B        C        D        E       F      G
               +--------+--------+--------+--------+--------+-----+--------+
         Total |   5242 |   5105 |    137 |    914 |   3400 |   5 | 1048.4 |
       Dungeon |   5242 |   5105 |    137 |    914 |   3400 |   5 | 1048.4 |
               +--------+--------+--------+--------+--------+-----+--------+

Top non-repeatable levels by time:
     D:3: 1424 daAuts
     D:4: 1278 daAuts
     D:1: 1245 daAuts
     D:2: 765 daAuts
     D:5: 528 daAuts
